Match 47024861
Unlisted

Match 47024861
End
Construct Infanterie Kompanie
Kettenkrad Recon Vehicle
Grenadier Squad
Medical Station
MG 42 Machine Gun Team
Construct Panzergrenadier Kompanie
Support Elements
Nebelwerfer 42 Rocket Launcher Team
Nebelwerfer 42 Rocket Launcher Team
Selects Italian Coastal Battlegroup
Selects Coastal Reserves
Selects Artillery Officer
djkeenan
Destiny
samurai.g
crywo1f
Red Rain
[Legio I Germanica] -=]bUc$[=-
0
0

Comments sign in to comment!

No comments posted yet!